 Dungeon Crawl Stone Soup version 0.20-a0-492-g6327889 (webtiles) character file.

714 Goblin1989 the Carver (level 7, -10/50 HPs)
             Began as a Barachian Gladiator on Jan 15, 2017.
             Killed by divine providence
             ... invoked by an orc priest
              (15 damage)
             ... on level 4 of the Dungeon.
             The game lasted 00:12:29 (4562 turns).

Goblin1989 the Carver (Barachian Gladiator)         Turns: 4562, Time: 00:12:31

Health: -10/50     AC:  6    Str: 14    XL:     7   Next: 69%
Magic:  7/7        EV: 11    Int:  6    God:
Gold:   132        SH:  0    Dex: 13    Spells: 6/6 levels left

rFire    . . .     SeeInvis .   b - +1 great sword
rCold    . . .     Gourm    .   e - +0 ring mail (curse)
rNeg     . . .     Faith    .   (shield currently unavailable)
rPois    .         Spirit   .   c - +0 helmet
rElec    .         Reflect  .   (no cloak)
rCorr    .         Harm     +   (no gloves)
MR       .....                  (no boots)
Stlth    +.........             u - amulet of harm
Regen    0.1/turn               (no ring)
                                (no ring)

@: slow
A: swims, slowness 1, strong legs 1
a: Hop


You were on level 4 of the Dungeon.
You were not hungry.

You visited 1 branch of the dungeon, and saw 4 of its levels.

You collected 132 gold pieces.

Inventory:

Hand Weapons
 a - a +0 long sword
 b - a +1 great sword (weapon)
Missiles
 Z - 2 throwing nets (quivered) {=f, !d}
Armour
 c - a +0 helmet (worn)
 e - a cursed +0 ring mail (worn)
 v - a +0 chain mail
Jewellery
 s - a +4 amulet of reflection {unknown}
 u - an amulet of harm (around neck)
Wands
 t - a wand of polymorph (16/24)
Scrolls
 g - 3 scrolls of identify {unknown}
 i - a scroll of remove curse {unknown}
 p - a scroll of fog
 T - a scroll of teleportation {!r, @r4}
Potions
 d - a potion of haste {!q, @q3}
Comestibles
 f - 4 bread rations {@e1}
 k - 4 fruits
 l - a beef jerky
 r - a meat ration {@e2}


   Skills:
 - Level 2.1 Fighting
 + Level 9.6 Long Blades
 - Level 1.7 Throwing
 - Level 3.0 Dodging


You had 6 spell levels left.
You didn't know any spells.

Dungeon Overview and Level Annotations

Branches:
Dungeon (4/15)
 Temple: D:4-7

Altars:
Ashenzari
Fedhas
Nemelex Xobeh
Sif Muna
Trog
Uskayaw
Vehumet
Xom
Yredelemnul

Annotations:
D:4 Goblin1989's ghost, amateur BaFi


Innate Abilities, Weirdness & Mutations

You can swim through water.
You cover ground slowly.
You can hop short distances.


Message History

* * * LOW HITPOINT WARNING * * *
You take 9 damage, and have 12/50 hp.
Unknown command.
The orc wizard casts a spell at you. You resist with some effort.
You closely miss the orc priest.
You feel less confused.
The orc priest hits you with a mace of holy wrath.
* * * LOW HITPOINT WARNING * * *
You take 7 damage, and have 5/50 hp.
Unknown command.
You slash the orc priest!
The orc priest is almost dead.
The orc priest barely misses you.
Unknown command.
You closely miss the orc priest.
The orc priest is almost dead.
The orc priest mumbles some strange prayers to Beogh against you.
Beogh smites you!
You die... ............█.█.█.█ █.█ .....█.████.█.█.█.█ █.████ ████

.....█.█ █...█.█.█ █.██.█ █...
.....█.█ ██..█.█.█ █.██.█ █...
.....█.█████..█.█.█ █.██.█ █...
.█████........█.█.█ █.██.█ █...
.█████.████.█.█.█.█ █.██.█ █(..
)........<█.█.█.█.███.██.█████...
.........██.█.█.@................
............█.÷██o███.██.██......
..........█.█.........██)██......
█....████████.........██.██.....?
...............[......██.........
█....████████.........██<........
█....█ █.........██...██████
█....█ █.........██...█ █....█
█.........██...█


You could see an orc priest.

Vanquished Creatures
  Grinder (D:3)
  Duvessa (D:4)
  A scorpion (D:4)
  A howler monkey (D:4)
  A gnoll shaman (D:4)
  A hound (D:4)
  Robin (D:3)
  8 gnolls (D:4)
  7 adders
  3 oozes
  A worm (D:2)
  4 dart slugs
  5 leopard geckos
  4 orcs
  13 bats
  A giant cockroach (D:1)
  15 goblins
  8 hobgoblins
  A jackal (D:1)
  12 kobolds
  4 quokkas
  2 ball pythons (D:2)
  5 frilled lizards
  8 rats
108 creatures vanquished.

Notes
Turn   | Place    | Note
-------+----------+-------------------------------------------
     0 | D:1      | Goblin1989 the Barachian Gladiator began the quest for the Orb.
     0 | D:1      | Reached XP level 1. HP: 16/16 MP: 1/1
   122 | D:1      | Reached XP level 2. HP: 10/22 MP: 2/2
   323 | D:1      | Reached skill level 4 in Long Blades
   508 | D:1      | Reached XP level 3. HP: 27/27 MP: 3/3
  1170 | D:2      | Reached skill level 5 in Long Blades
  1182 | D:2      | Found a shattered altar of Ashenzari.
  1192 | D:2      | Noticed a hand axe
  1193 | D:2      | Noticed a dagger
  1258 | D:2      | Found a hide-covered altar of Uskayaw.
  1380 | D:2      | Reached XP level 4. HP: 20/33 MP: 4/4
  1663 | D:2      | Found a bloodstained altar of Trog.
  2040 | D:2      | Found a shimmering altar of Xom.
  2042 | D:2      | Found a shimmering altar of Xom.
  2042 | D:2      | Found a shimmering altar of Xom.
  2042 | D:2      | Found a shimmering altar of Xom.
  2042 | D:2      | Found a shimmering altar of Xom.
  2043 | D:2      | Found a shimmering altar of Xom.
  2244 | D:3      | Found a radiant altar of Vehumet.
  2433 | D:3      | Found a sparkling altar of Nemelex Xobeh.
  2501 | D:3      | Noticed Robin
  2556 | D:3      | Noticed Grinder
  2565 | D:3      | Paralysed by Grinder for 2 turns
  2774 | D:2      | Reached skill level 6 in Long Blades
  2774 | D:2      | Reached XP level 5. HP: 17/38 MP: 5/5
  3009 | D:3      | Killed Robin
  3408 | D:3      | Paralysed by Grinder for 7 turns
  3428 | D:3      | Killed Grinder
  3428 | D:3      | Reached skill level 7 in Long Blades
  3428 | D:3      | Reached XP level 6. HP: 14/44 MP: 6/6
  3840 | D:4      | Found a blossoming altar of Fedhas.
  3840 | D:4      | Found a basalt altar of Yredelemnul.
  3911 | D:4      | Reached skill level 8 in Long Blades
  4055 | D:4      | Found a deep blue altar of Sif Muna.
  4070 | D:4      | Reached XP level 7. HP: 50/50 MP: 7/7
  4345 | D:4      | Noticed Duvessa
  4349 | D:4      | Killed Duvessa
  4349 | D:4      | Reached skill level 9 in Long Blades
  4354 | D:4      | Noticed Goblin1989's ghost (amateur BaFi)
  4562 | D:4      | Killed from afar by an orc priest

Vault maps used:
D:1:      nagdon_arrival_zigzag_paths, minmay_misc_feat_encased
D:2:      ashenzari_conservatory_becter, xom_redecorated,
          dancing_weapons_uskayaw, nicolae_overflow_crystal_walls, first_bread
D:3:      nicolae_overflow_hidden_temple, hangedman_decor_opposing,
          nemelex_altar_shiori, uniq_grinder, uniq_robin
D:4:      led_sif_book, chequers_temple_overflow_statue_of_worship, minivault_5,
          kennysheep_flooded_box, glass_columns_b, uniq_duvessa

Skill      XL: |  1  2  3  4  5  6  7 |
---------------+----------------------+-----
Long Blades    | 4 5 6 7 8 9 |  9.6
Fighting       | |  2.1
Throwing       | |  1.7
Dodging        | |  3.0

Action                   |  1- 3 |  4- 6 |  7- 9 || total
-------------------------+-------+-------+-------++-------
Melee: Long sword        |   123 |   136 |       ||   259
       Great sword       |       |    33 |    58 ||    91
Throw: Throwing net      |       |     3 |       ||     3
 Abil: Hop               |       |     2 |       ||     2
  Use: Potion            |       |     5 |     1 ||     6
       Scroll            |       |       |     5 ||     5
 Stab: Held in net/web   |       |     1 |       ||     1
  Eat: Chunk             |     2 |    10 |     2 ||    14
Armor: Leather armour    |    23 |       |       ||    23
       Ring mail         |    35 |    89 |    19 ||   143
       Skin              |       |     7 |       ||     7
Dodge: Dodged            |    94 |   124 |    42 ||   260
       Rpst.: Long sword |    35 |    32 |       ||    67
       Great sword       |       |     5 |    12 ||    17

Vault maps used:
D:1:      nagdon_arrival_zigzag_paths, minmay_misc_feat_encased
D:2:      ashenzari_conservatory_becter, xom_redecorated,
          dancing_weapons_uskayaw, nicolae_overflow_crystal_walls, first_bread
D:3:      nicolae_overflow_hidden_temple, hangedman_decor_opposing,
          nemelex_altar_shiori, uniq_grinder, uniq_robin
D:4:      led_sif_book, chequers_temple_overflow_statue_of_worship, minivault_5,
          kennysheep_flooded_box, glass_columns_b, uniq_duvessa
